 Dungeon Sprint DCSS version bcrawl-1.20.1 (webtiles) character file.

Game seed: 63194051922185994

140973 Freyura the Shatterer (level 15, 0/135 HPs)
             Began as a Demonspawn Gladiator on Jan 25, 2020.
             Was the Champion of Makhleb.
             Succumbed to a swamp dragon's poison gas
             ... in the Dungeon (Sprint IX: "|||||||||||||||||||||||||||||").
             The game lasted 00:42:04 (4572 turns).

Freyura the Shatterer (Demonspawn Gladiator)        Turns: 4572, Time: 00:42:04

Health: 0/135      AC: 36    Str: 15    XL:     15   Next: 67%
Magic:  25/38      EV: 14    Int: 10    God:    Makhleb [******]
Gold:   1512       SH: 22    Dex: 20    Spells: 14/14 levels left

rFire    . . .     SeeInvis .   o - +6 morningstar (crush)
rCold    . . .     Gourm    .   a - +5 shield
rNeg     . . .     Faith    .   O - +5 plate armour
rPois    .         Spirit   +   c - +2 helmet
rElec    .         Reflect  +   q - +2 cloak
rCorr    .         Harm     .   p - +2 pair of gloves
MR       +....     NoTele   +   (boots unavailable)
Stlth    ..........             v - +3 amulet of reflection
HPRegen  0.32/turn              r - ring of magical power
MPRegen  0.52/turn              E - +2 ring of slaying

@: lethally poisoned (0 -> -47)
A: hooves 3, slimy green scales 2, demonic guardian 2, magic shield, magic
regeneration, magic link
}: 3/17 runes: serpentine, barnacled, gossamer
a: Minor Destruction, Lesser Servant of Makhleb, Major Destruction, Greater
Servant of Makhleb, Renounce Religion


You were in the Dungeon.
You worshipped Makhleb.
Makhleb was exalted by your worship.
You were not hungry.

You visited 1 branch You collected 1940 gold pieces.
You spent 428 gold pieces at shops.

Inventory:

Hand Weapons
 o - a +6 morningstar of crushing (weapon)
 Q - a +4 demon whip
Missiles
 d - 3 throwing nets (quivered) {!f}
Armour
 a - a +5 shield (worn)
 c - a +2 helmet (worn)
 p - a +2 pair of gloves (worn)
 q - a +2 cloak (worn)
 O - a +5 plate armour (worn)
Jewellery
 n - a +6 ring of strength
 r - a ring of magical power (left hand)
 s - a +3 ring of dexterity
 t - a +3 ring of strength
 u - an uncursed ring of protection from magic
 v - a +3 amulet of reflection (around neck)
 D - a +4 ring of evasion
 E - a +2 ring of slaying (right hand)
 F - a +6 ring of dexterity
 G - a +6 ring of intelligence
Wands
 b - a wand of random effects (10)
 j - a wand of iceblast (10)
 C - a wand of digging (7)
Scrolls
 k - 6 scrolls of blinking
 l - 3 scrolls of remove curse
 m - 3 scrolls of amnesia
 y - a scroll of fear
 z - 2 scrolls of identify
 N - 4 scrolls of fog
 P - 2 scrolls of enchant armour
Potions
 g - a potion of invisibility
 h - 3 potions of haste
 w - a potion of mutation
 A - a potion of lignification
 I - a potion of resistance
 K - a potion of might
 L - a potion of brilliance
 M - a potion of berserk rage
Miscellaneous
 x - a phial of floods
Comestibles
 e - 10 rations {!d}


   Skills:
 + Level 17.7 Fighting
 * Level 21.9 Maces & Flails
 - Level 1.7 Throwing
 + Level 16.4 Armour
 + Level 16.6 Dodging
 + Level 15.1 Shields
 + Level 21.4 Invocations
 + Level 8.5 Evocations


You had 14 spell levels left.
You didn't know any spells.
Your spell library was empty.

Dungeon Overview and Level Annotations

Branches:
Dungeon (1/1)

Altars:
Cheibriados
Dithmenos
Elyvilon
Fedhas
Gozag
Hepliaklqana
Kikubaaqudgha
Lugonu
Makhleb
Nemelex Xobeh
Okawaru
Qazlal
Ru
Sif Muna
Trog
Uskayaw
Vehumet
Wu Jian
Xom
Yredelemnul
Zin
The Shining One
Beogh
Jiyva

Shops:
D =}**


Innate Abilities, Weirdness & Mutations

You have hooves in place of feet.
You are mostly covered in slimy green scales. (AC +3)
A demonic guardian rushes to your aid.
When hurt, damage is shared between your health and your magic reserves.
You regenerate magic rapidly.
When low on magic, you restore magic in place of health.


Message History

You are engulfed in poison gas.
You are more poisoned.
* * * LOW HITPOINT WARNING * * *
x2 You feel very sick.
Your sixfirhy is engulfed in poison gas.
Your sixfirhy looks more poisoned. x2
Your sixfirhy is engulfed in poison gas.
Your sixfirhy looks more poisoned.
Your sixfirhy is engulfed in poison gas.
Your sixfirhy looks more poisoned. x2
Your sixfirhy is engulfed in poison gas.
Your sixfirhy looks more poisoned.
Your sixfirhy is engulfed in poison gas.
Your sixfirhy looks more poisoned.
Items here: [ ††† +0 swamp dragon scales; a swamp dragon corpse x3
You are engulfed in poison gas.
You are more poisoned.
* * * LOW HITPOINT WARNING * * *
You die...

...'..........)....))[)))+3......
▓▓▓▓▓▓▓▓▓▓▓▓▓▓▓▓▓▓▓▓▓▓▓▓▓▓▓▓▓▓▓▓▓
..........................)......
▓▓▓▓▓▓▓▓▓▓▓▓▓▓▓▓▓▓▓▓▓▓▓▓▓▓▓▓▓▓▓▓▓
....'.....................[[[[[..
▓▓▓▓▓▓▓▓▓▓▓▓▓▓▓▓▓▓▓▓▓▓▓▓▓▓▓▓▓▓▓▓▓
........................)........
♣♣♣♣♣♣♣♣♣♣♣♣♣▓▓▓▓▓▓▓▓▓▓▓▓▓▓▓▓▓▓▓▓
D......[☼D☼@○3○☼☼○☼○☼☼.°....
♣♣♣♣♣♣♣♣▓▓▓▓▓▓▓▓▓▓▓▓▓▓▓▓▓▓▓▓


You could see a swamp dragon and a friendly sixfirhy.

Vanquished Creatures
  Mara (D)
  Nikola (D)
  Agnes (D)
  7 nagarajas (D)
  3 ghost moths (D)
  3 emperor scorpions (D)
  2 stone giants (D)
  A vault warden (D)
  A spriggan defender (D)
  A vampire knight (D)
  Nessos (D)
  2 ettins (D)
  2 merfolk javelineers (D)
  2 great orbs of eyes (D)
  Snorg (D)
  6 merfolk impalers (D)
  A yaktaur captain (D)
  3 fire dragons (D)
  3 ice dragons (D)
  4 hydras (D)
  An anaconda (D)
  A naga warrior (D)
  A merfolk aquamancer (D)
  5 ogre magi (D)
  An alligator snapping turtle (D)
  An alligator (D)
  2 centaur warriors (D)
  7 two-headed ogres (D)
  A catoblepas (D)
  2 vampire magi (D)
  A tengu warrior (D)
  A deep troll earth mage (D)
  A deep troll (D)
  Nergalle (D)
  A sea snake (D)
  A salamander mystic (D)
  An unseen horror (D)
  3 swamp dragons (D)
  A deep elf archer (D)
  4 orc knights (D)
  A harpy (D)
  2 wolf spiders (D)
  A lindwurm (D)
  3 ugly things (D)
  A merfolk siren (D)
  2 manticores (D)
  4 guardian serpents (D)
  2 black mambas (D)
  Maurice (D)
  2 cane toads (D)
  3 naga magi (D)
  A torpor snail (D)
  A vault sentinel (D)
  3 yaktaurs (D)
  A freezing wraith (D)
  3 demonic crawlers (D)
  3 jumping spiders (D)
  A hornet (D)
  A merfolk (D)
  A tyrant leech (D)
  2 slime creatures (D)
  2 hippogriffs (D)
  A redback (D)
  A water elemental (D)
  A redback (shapeshifter) (D)
  A human (shapeshifter) (D)
  A vampire mosquito (D)
  2 nagas (D)
  3 water moccasins (D)
  3 orc warriors (D)
  A black bear (D)
  5 ogres (D)
  A wolf (D)
  A boggart (D)
  A bullfrog (D)
  A gnoll sergeant (D)
  2 hounds (D)
  3 orc priests (D)
  An orc wizard (D)
  An iguana (D)
  3 shadow imps (D)
  2 worms (D)
  A leopard gecko (D)
  4 orcs (D)
  2 bats (D)
  A goblin (D)
  A hobgoblin (D)
  A jackal skeleton (D)
  A leopard gecko zombie (D)
170 creatures vanquished.

Vanquished Creatures (collateral kills)
  Frances (D)
  A thorn hunter (D)
  A nagaraja (D)
  An emperor scorpion (D)
  A stone giant (D)
  A merfolk javelineer (D)
  A shambling mangrove (D)
  A hydra (D)
  An ice dragon (D)
  A merfolk aquamancer (D)
  2 ogre magi (D)
  A deep troll earth mage (D)
  A vampire mage (D)
  An orc high priest (D)
  5 swamp dragons (D)
  A lindwurm (D)
  2 orc knights (D)
  An orb spider (D)
  An orc sorcerer (D)
  A manticore (D)
  A moth of wrath (D)
  A merfolk siren (D)
  A black mamba (D)
  2 cane toads (D)
  A tengu conjurer (D)
  3 jumping spiders (D)
  A demonic crawler (D)
  A hornet (D)
  A bog body (D)
  3 tyrant leeches (D)
  A slime creature (D)
  A spriggan (D)
  A yak (D)
  2 crocodiles (D)
  3 orc warriors (D)
  A swamp drake (D)
  A boggart (D)
  A bullfrog (D)
  A quasit (D)
  An orc priest (D)
  An orc wizard (D)
  A hell rat (D)
  2 orcs (D)
  A leopard gecko zombie (D)
  A briar patch (D)
60 creatures vanquished.

Vanquished Creatures (others)
  Ilsuiw (D)
  2 merfolk javelineers (D)
  An orc (D)
4 creatures vanquished.

Grand Total: 234 creatures vanquished

Notes
Turn   | Place    | Note
-------+----------+-------------------------------------------
     0 | D        | Freyura the Demonspawn Gladiator began the quest for the
                  | Orb.
     0 | D        | Reached XP level 1. HP: 16/16 MP: 1/1
    13 | D        | Reached skill level 1 in Armour
    43 | D        | Noticed an iguana
    43 | D        | Noticed a hound
    54 | D        | Killed a hound
    54 | D        | Gained mutation: You have large cloven feet. [demonic
                  | ancestry]
    54 | D        | Reached XP level 2. HP: 24/24 MP: 2/2
    54 | D        | Gained mutation: When hurt, damage is shared between your
                  | health and your magic reserves. [demonic ancestry]
    54 | D        | Reached XP level 3. HP: 29/29 MP: 3/3
    60 | D        | Reached skill level 5 in Maces & Flails
    62 | D        | Gained mutation: A weak demonic guardian rushes to your
                  | aid. [demonic ancestry]
    62 | D        | Reached XP level 4. HP: 37/37 MP: 4/4
    67 | D        | Found a roughly hewn altar of Beogh.
    67 | D        | Found a snail-covered altar of Cheibriados.
    67 | D        | Found a shadowy altar of Dithmenos.
    67 | D        | Found a white marble altar of Elyvilon.
    67 | D        | Found a blossoming altar of Fedhas.
    67 | D        | Found an opulent altar of Gozag.
    68 | D        | Found a hazy altar of Hepliaklqana.
    69 | D        | Found a viscous altar of Jiyva.
    70 | D        | Found an ancient bone altar of Kikubaaqudgha.
    71 | D        | Found a corrupted altar of Lugonu.
    72 | D        | Found a burning altar of Makhleb.
    73 | D        | Found a sparkling altar of Nemelex Xobeh.
    74 | D        | Found an iron altar of Okawaru.
    75 | D        | Found a stormy altar of Qazlal.
    76 | D        | Found a sacrificial altar of Ru.
    77 | D        | Found a shimmering blue altar of Sif Muna.
    78 | D        | Found a bloodstained altar of Trog.
    79 | D        | Found a hide-covered altar of Uskayaw.
    80 | D        | Found a radiant altar of Vehumet.
    83 | D        | Found an ornate altar of the Wu Jian Council.
    84 | D        | Found a shimmering altar of Xom.
    85 | D        | Found a basalt altar of Yredelemnul.
    86 | D        | Found a glowing silver altar of Zin.
    87 | D        | Found a glowing golden altar of the Shining One.
    98 | D        | Became a worshipper of Makhleb the Destroyer
   152 | D        | Noticed a hippogriff
   152 | D        | Noticed an orc warrior
   152 | D        | Noticed an ogre
   152 | D        | Noticed a six-headed hydra
   152 | D        | Noticed a gnoll sergeant
   155 | D        | Killed a gnoll sergeant
   155 | D        | Gained mutation: You have hoof-like feet. [demonic
                  | ancestry]
   155 | D        | Reached XP level 5. HP: 43/43 MP: 4/7
   157 | D        | Killed a six-headed hydra
   157 | D        | Reached * piety under Makhleb
   157 | D        | Reached XP level 6. HP: 50/55 MP: 3/11
   157 | D        | Reached XP level 7. HP: 55/60 MP: 3/12
   161 | D        | Gained mutation: You regenerate magic rapidly. [demonic
                  | ancestry]
   161 | D        | Reached XP level 8. HP: 62/67 MP: 3/14
   171 | D        | Killed a hippogriff
   171 | D        | Reached ** piety under Makhleb
   171 | D        | Reached skill level 10 in Maces & Flails
   287 | D        | Noticed a centaur warrior
   287 | D        | Noticed a hornet
   287 | D        | Noticed a manticore
   295 | D        | Killed a manticore
   312 | D        | Killed a hornet
   312 | D        | Reached *** piety under Makhleb
   316 | D        | Killed a centaur warrior
   316 | D        | Reached skill level 10 in Invocations
   316 | D        | Reached XP level 9. HP: 49/76 MP: 10/16
   431 | D        | Noticed Maurice
   457 | D        | Killed Maurice
   457 | D        | Reached **** piety under Makhleb
   533 | D        | Noticed a cane toad
   533 | D        | Noticed a seven-headed hydra
   546 | D        | Noticed a cane toad
   557 | D        | Killed a seven-headed hydra
   557 | D        | Reached skill level 5 in Shields
   557 | D        | Gained mutation: A demonic guardian rushes to your aid.
                  | [demonic ancestry]
   557 | D        | Reached XP level 10. HP: 85/85 MP: 14/18
   558 | D        | Reached ***** piety under Makhleb
   560 | D        | Killed a cane toad
   560 | D        | Reached skill level 10 in Fighting
   570 | D        | Killed a cane toad
   586 | D        | Noticed a catoblepas
   586 | D        | Noticed a cane toad
   586 | D        | Noticed an eight-headed hydra
   597 | D        | Killed an eight-headed hydra
   598 | D        | Noticed a black mamba
   610 | D        | Killed a cane toad
   660 | D        | Killed a catoblepas
   662 | D        | Reached ****** piety under Makhleb
   674 | D        | Killed a black mamba
   789 | D        | Noticed a lindwurm
   789 | D        | Noticed a lindwurm
   797 | D        | Killed a lindwurm
   797 | D        | Reached skill level 10 in Dodging
   825 | D        | Killed a lindwurm
   840 | D        | Reached skill level 10 in Armour
   840 | D        | Reached XP level 11. HP: 80/92 MP: 17/20
   980 | D        | Noticed an orc sorcerer
   996 | D        | Paralysed by an orc sorcerer for 4 turns
  1004 | D        | Killed an orc sorcerer
  1013 | D        | Noticed an orc knight
  1039 | D        | Killed an orc knight
  1176 | D        | Noticed an orc high priest
  1176 | D        | Noticed an orc knight
  1176 | D        | Noticed an orc knight
  1177 | D        | Noticed an orc knight
  1198 | D        | Killed an orc knight
  1205 | D        | Noticed a sixfirhy
  1205 | D        | Noticed an orc knight
  1210 | D        | Killed an orc knight
  1220 | D        | Killed an orc high priest
  1222 | D        | Noticed an orc knight
  1230 | D        | Killed an orc knight
  1237 | D        | Killed an orc knight
  1246 | D        | Killed an orc knight
  1427 | D        | Found Vathratust's Assorted Antiques.
  1427 | D        | Noticed a two-headed ogre
  1427 | D        | Noticed a two-headed ogre
  1427 | D        | Noticed a two-headed ogre
  1427 | D        | Noticed an ogre mage
  1429 | D        | Noticed a two-headed ogre
  1431 | D        | Killed an ogre mage
  1435 | D        | Killed a two-headed ogre
  1438 | D        | Killed a two-headed ogre
  1441 | D        | Found Eneenouh's Assorted Antiques.
  1443 | D        | Killed a two-headed ogre
  1443 | D        | Reached skill level 15 in Maces & Flails
  1451 | D        | Killed a two-headed ogre
  1454 | D        | Found Nywaqan's Gadget Boutique.
  1456 | D        | Noticed a two-headed ogre
  1457 | D        | Found Selar's Jewellery Shop.
  1457 | D        | Noticed an ogre mage
  1459 | D        | Noticed a two-headed ogre
  1463 | D        | Noticed an ogre mage
  1466 | D        | Killed a two-headed ogre
  1466 | D        | Noticed a two-headed ogre
  1472 | D        | Killed a two-headed ogre
  1472 | D        | Gained mutation: You are partially covered in slimy green
                  | scales. (AC +2) [demonic ancestry]
  1472 | D        | Reached XP level 12. HP: 82/102 MP: 15/22
  1475 | D        | Killed an ogre mage
  1478 | D        | Killed a two-headed ogre
  1478 | D        | Killed an ogre mage
  1550 | D        | Bought an uncursed ring of magical power for 240 gold
                  | pieces
  1550 | D        | Bought a +3 amulet of reflection for 188 gold pieces
  1684 | D        | Got the cursed +0 cloak "Amogud" {+Fly}
  1721 | D        | Noticed a tengu warrior
  1737 | D        | Noticed a vampire knight
  1739 | D        | Killed a tengu warrior
  1739 | D        | Reached skill level 15 in Invocations
  1750 | D        | Noticed an ice dragon
  1760 | D        | Noticed a vampire mage
  1772 | D        | Killed a vampire knight
  1781 | D        | Noticed an ettin
  1793 | D        | Killed an ice dragon
  1802 | D        | Noticed an ogre mage
  1807 | D        | Killed a vampire mage
  1809 | D        | Killed an ettin
  1812 | D        | Killed an ogre mage
  1812 | D        | Reached skill level 10 in Shields
  1863 | D        | Noticed Frances
  1864 | D        | Noticed Snorg
  1870 | D        | Killed Frances
  1876 | D        | Killed Snorg
  1952 | D        | Noticed Nessos
  1961 | D        | Killed Nessos
  1998 | D        | Noticed an alligator snapping turtle
  1999 | D        | Noticed a merfolk impaler
  2024 | D        | Killed an alligator snapping turtle
  2040 | D        | Killed a merfolk impaler
  2040 | D        | Gained mutation: You are mostly covered in slimy green
                  | scales. (AC +3) [demonic ancestry]
  2040 | D        | Reached XP level 13. HP: 98/111 MP: 18/25
  2240 | D        | Noticed a thorn hunter
  2259 | D        | Killed a thorn hunter
  2378 | D        | Noticed Agnes
  2458 | D        | Killed Agnes
  2695 | D        | Noticed a spriggan defender
  2695 | D        | Noticed an ettin
  2695 | D        | Noticed a stone giant
  2696 | D        | Noticed a stone giant
  2719 | D        | Killed a stone giant
  2725 | D        | Noticed a fire dragon
  2726 | D        | Killed an ettin
  2764 | D        | Killed a spriggan defender
  2771 | D        | Killed a stone giant
  2772 | D        | Noticed a stone giant
  2792 | D        | Killed a fire dragon
  2792 | D        | Reached skill level 15 in Fighting
  2812 | D        | Gained mutation: You have hooves in place of feet. [demonic
                  | ancestry]
  2812 | D        | Reached XP level 14. HP: 22/123 MP: 6/27
  2825 | D        | Killed a stone giant
  3175 | D        | Paralysed by a great orb of eyes for 4 turns
  3197 | D        | Noticed a vault warden
  3226 | D        | Killed a vault warden
  3393 | D        | Noticed Mara
  3402 | D        | Noticed Freyura's illusion
  3405 | D        | Killed Mara
  3405 | D        | Reached skill level 15 in Dodging
  3484 | D        | Got the +0 pair of gloves of Omission {rC+}
  3640 | D        | Noticed Nikola
  3659 | D        | Killed Nikola
  3659 | D        | Reached skill level 15 in Armour
  3702 | D        | Noticed Nergalle
  3713 | D        | Killed Nergalle
  3760 | D        | Noticed an emperor scorpion
  3760 | D        | Noticed an emperor scorpion
  3771 | D        | Noticed an emperor scorpion
  3785 | D        | Killed an emperor scorpion
  3794 | D        | Killed a ghost moth
  3832 | D        | Killed an emperor scorpion
  3839 | D        | Killed a ghost moth
  3859 | D        | Killed an emperor scorpion
  3922 | D        | Noticed an emperor scorpion
  3957 | D        | Killed an emperor scorpion
  3957 | D        | Gained mutation: When low on magic, you restore magic in
                  | place of health. [demonic ancestry]
  3957 | D        | Reached XP level 15. HP: 23/132 MP: 0/29
  3965 | D        | Killed a ghost moth
  4101 | D        | Got a gossamer rune of Zot
  4113 | D        | Noticed Ilsuiw
  4132 | D        | Killed Ilsuiw
  4132 | D        | Reached skill level 5 in Evocations
  4200 | D        | Got a barnacled rune of Zot
  4340 | D        | Noticed a nagaraja
  4340 | D        | Noticed a nagaraja
  4340 | D        | Noticed a nagaraja
  4340 | D        | Noticed a nagaraja
  4341 | D        | Noticed a nagaraja
  4344 | D        | Killed a nagaraja
  4356 | D        | Killed a nagaraja
  4357 | D        | Noticed a nagaraja
  4360 | D        | Killed a nagaraja
  4361 | D        | Noticed a nagaraja
  4368 | D        | Killed a nagaraja
  4374 | D        | Killed a nagaraja
  4375 | D        | Noticed a nagaraja
  4380 | D        | Killed a nagaraja
  4389 | D        | Killed a nagaraja
  4402 | D        | Killed a nagaraja
  4402 | D        | Reached skill level 15 in Shields
  4450 | D        | Got a serpentine rune of Zot
  4571 | D        | HP: 4/135 [poisoned by a swamp dragon (poison gas)]
  4572 | D        | Succumbed to a swamp dragon's poison gas

Skill      XL: |  1  2  3  4  5  6  7  8  9 10 11 12 13 14 15 |
---------------+----------------------------------------------+-----
Maces & Flails | 4 5 6 9 11 12 13 15 16 18 20 21 | 21.9
Dodging        | 3 4 6 7 8 9 10 11 12 14 15 16 | 16.6
Armour         | 2 3 6 8 10 11 12 13 15 16 | 16.4
Fighting       | 3 4 7 9 10 12 13 15 16 17 | 17.7
Invocations    | 2 7 8 10 11 12 14 16 18 20 21 | 21.4
Shields        | 3 5 6 8 10 12 14 15 | 15.1
Evocations     | 4 8 |  8.5
Throwing       | |  1.7

Action                   |  1- 3 |  4- 6 |  7- 9 | 10-12 | 13-15 || total
-------------------------+-------+-------+-------+-------+-------++-------
Melee: Flail             |    26 |     1 |       |       |       ||    27
       Morningstar       |       |     2 |    63 |   287 |   669 ||  1021
       Kick              |       |     2 |    27 |   137 |   256 ||   422
Invok: Greater Servant o |       |       |       |       |     5 ||     5
Evoke: Wand              |       |     3 |     3 |     2 |     3 ||    11
  Use: Potion            |     2 |       |     2 |    10 |    16 ||    30
       Scroll            |       |       |     4 |     7 |     3 ||    14
 Stab: Distracted        |       |       |       |     1 |       ||     1
  Eat: Chunk             |       |       |       |     4 |     6 ||    10
       Ration            |       |       |       |       |     1 ||     1
Armor: Leather armour    |    10 |       |       |       |       ||    10
       Plate armour      |       |     3 |    39 |    52 |   113 ||   207
       Chain mail        |       |       |       |    35 |   109 ||   144
Dodge: Dodged            |    19 |     2 |    18 |    55 |   190 ||   284
Block: Shield            |       |       |    29 |   115 |   528 ||   672
       Reflection        |       |       |       |     1 |    21 ||    22
